cohdb
Replays
Latest Replays
All Replays
Popular Replays
Top Player Replays
Match Explorer
How It Works
Community
CoH3 Stats
Reddit
Sign in to upload your games and track your stats! →
Sign in with Steam
Match 38350504
Unlisted
Match 38350504
Overview
Messages
Build Orders
End
Construct Infanterie Kompanie
Pioneer Squad
MG 42 Machine Gun Team
Grenadier Squad
Grenadier Squad
Medical Station
Construct Panzergrenadier Kompanie
Panzergrenadier Squad
251 Medium Carrier
251 Medium Carrier
Pioneer Squad
MG 42 Machine Gun Team
GrW 34 Mortar Team
Pak 40 Anti-tank Gun Team
Selects Mechanized Battlegroup
Selects Raid Package
Selects StuG Assault Group
Selects UNKNOWN (2160084)
Construct Panzer Kompanie
Panther Heavy Tank
Selects Spotting Scopes
Pioneer Squad
#realtalk17
Yellowdurr
Victor #52
Macho Man
STALKER4732
Banana Flavored Milk
Chillguy
Gengeol
0
0
Comments
sign in to comment!
No comments posted yet!